 Dungeon Crawl Stone Soup version 0.28.0-45-g0d030f2227 (webtiles) character file.

Game seed: 16957387760629190208

121 boopmooplesden the Chopper (level 4, -4/42 HPs)
             Began as a Minotaur Berserker on Apr 6, 2022.
             Was a Believer of Trog.
             Slain by Natasha (8 damage)
             ... on level 2 of the Dungeon.
             The game lasted 00:03:26 (1447 turns).

boopmooplesden the Chopper (Minotaur Berserker)     Turns: 1447, Time: 00:03:26

Health: -4/42      AC:  2    Str: 21    XL:     4   Next: 76%
Magic:  3/3        EV: 12    Int:  4    God:    Trog [**....]
Gold:   52         SH:  0    Dex: 12    Spells: 3/3 levels left

rFire   . . .      SeeInvis .   a - +0 hand axe
rCold   . . .      Faith    .   (no shield)
rNeg    . . .      Spirit   .   b - +0 animal skin
rPois   .          Reflect  .   (helmet restricted)
rElec   .          Harm     .   (no cloak)
rCorr   .          Rampage  .   (no gloves)
Will    .....                   (no boots)
Stlth   +.........              (no amulet)
HPRegen 0.14/turn               (no ring)
MPRegen 0.08/turn               (no ring)

@: no status effects
A: horns 2, retaliatory headbutt
a: Renounce Religion, Berserk, Trog's Hand


You were on level 2 of the Dungeon.
You worshipped Trog.
Trog was pleased with you.
You visited 1 branch of the dungeon, and saw 2 of its levels.

You collected 52 gold pieces.

Inventory:

Hand Weapons
 a - a +0 hand axe (weapon)
Missiles
 c - 6 javelins (quivered)
Armour
 b - a +0 animal skin (worn)
 e - a +0 ring mail
Wands
 m - a wand of flame (28)
Scrolls
 f - a scroll of identify {unknown}
 h - a scroll of enchant weapon {unknown}
 i - a scroll of immolation {unknown}
 l - a scroll of blinking {unknown}
Potions
 d - a potion of degeneration {unknown}
 g - 2 potions of heal wounds {unknown}
 j - a potion of curing {unknown}
 k - a potion of attraction {unknown}


   Skills:
 + Level 5.0 Fighting
 + Level 5.0 Axes
 + Level 2.6 Armour
 + Level 2.9 Dodging
 + Level 0.6 Stealth


You had 3 spell levels left.
You didn't know any spells.
Your spell library was empty.

Dungeon Overview and Level Annotations

Branches:
Dungeon (2/15)

Altars:
Ru

Annotations:
D:2 Natasha


Innate Abilities, Weirdness & Mutations

You have a pair of horns on your head.
You reflexively headbutt those who attack you in melee.


Message History

Terence is heavily wounded.
Terence misses you.
You barely miss Terence.
Terence is heavily wounded.
Terence hits you with a +0 hand axe.
* * * LOW HITPOINT WARNING * * *
You slash Terence!
You kill Terence!
Trog accepts your kill.
Your Fighting skill increases to level 5!
Your Axes skill increases to level 5!
m - a wand of flame (28)
Things that are here:
a +0 hand axe; a +0 chain mail; the human corpse of Terence You feel a strong urge to attack something.
You feel your anger nearly subside.
You are no longer berserk.
You are exhausted.
You feel yourself slow down.
Things that are here:
a +0 hand axe; a +0 chain mail; the human corpse of Terence You now have 52 gold pieces (gained 7).
You start resting.
You feel yourself speed up.
Natasha, Servant of Life and Death comes into view.
Natasha moves out of view.
Things that are here:
a +0 hand axe; a +0 chain mail; the human corpse of Terence Natasha drinks a potion.
Natasha seems to speed up.
Natasha casts a spell at you. The magic dart hits you.
* * * LOW HITPOINT WARNING * * *
Natasha closely misses you. x2
You hit Natasha. You headbutt Natasha.
Natasha is severely wounded.
Natasha casts a spell.
You closely miss Natasha.
Natasha is severely wounded.
You recover from your berserk rage.
Natasha claws you!
You die...

### #.# #######.## #.#
.........# ### #.# #######†##
#.. ... # #)# #.# #.# #
#######.## #.# #.# .###
......)))###.# #.# .....
##.....))....###.#######......
#.####..##.....@.)........# #
##..##..###h###########
#.........5.#
##.###..###.####.#
.........#...##..#
##.###............
#..##...##... .....###.......
..###.## #.###. #


You could see Natasha (fast) and a white imp (summoned).

Vanquished Creatures
  An orc priest (D:2)
  An orc wizard (D:2)
  Terence (D:2)
  A dart slug (D:1)
  2 orcs (D:2)
  3 ball pythons (D:1)
  3 endoplasms
  3 giant cockroaches (D:2)
  2 goblins
  4 hobgoblins
  3 quokkas
  6 bats
  3 frilled lizards
  4 kobolds
  A rat (D:2)
38 creatures vanquished.

Notes
Turn   | Place    | Note
-------+----------+-------------------------------------------
     0 | D:1      | boopmooplesden the Minotaur Berserker began the quest for
                  | the Orb.
     0 | D:1      | Reached XP level 1. HP: 19/19 MP: 0/0
   289 | D:1      | Reached XP level 2. HP: 24/27 MP: 1/1
  1072 | D:2      | Found a sacrificial altar of Ru.
  1199 | D:2      | Reached XP level 3. HP: 33/33 MP: 2/2
  1342 | D:2      | Reached ** piety under Trog
  1359 | D:2      | Reached XP level 4. HP: 29/41 MP: 3/3
  1400 | D:2      | Noticed Terence
  1410 | D:2      | HP: 2/61 [Terence/+0 hand axe (4)]
  1411 | D:2      | Killed Terence
  1412 | D:2      | Reached skill level 5 in Fighting
  1412 | D:2      | Reached skill level 5 in Axes
  1440 | D:2      | Noticed Natasha
  1447 | D:2      | Slain by Natasha

Illustrated notes

Levels and vault maps discovered:
D:1:      dpeg_arrival_long_road, layout_loops_ring, st_stairs_6
D:2:      layout_loops_ring, basic_altar, shapermc_ecumenical_altar_petra,
          uniq_natasha, uniq_terence

Skill      XL: |  1  2  3  4 |
---------------+-------------+-----
Axes           | 4 5 |  5.0
Fighting       | 4 5 |  5.0
Armour         | |  2.6
Dodging        | |  2.9
Stealth        | |  0.6

Action                   |  1- 3 |  4- 6 || total
-------------------------+-------+-------++-------
Melee: Hand axe          |    63 |    14 ||    77
       Headbutt          |     7 |     1 ||     8
Invok: Berserk           |       |     1 ||     1
 Stab: Sleeping          |     2 |       ||     2
Armor: Animal skin       |    11 |     1 ||    12
Dodge: Dodged            |    57 |     8 ||    65
